 Dungeon Crawl Stone Soup version 0.29.0-4-gdea44cf6ec (webtiles) character file.

Game seed: 448015053015724840

15466 qw the Brawler (level 12, 0/103 HPs)
             Began as a Ghoul Fire Elementalist on Aug 29, 2022.
             Was a High Priest of Okawaru.
             Slain by an elephant (1 damage)
             ... on level 2 of the Lair of Beasts.
             The game lasted 00:09:31 (12601 turns).

qw the Brawler (Ghoul Fire Elementalist)           Turns: 12601, Time: 00:09:32

Health: 0/103      AC: 20    Str: 17    XL:     12   Next: 27%
Magic:  18/18      EV: 11    Int: 14    God:    Okawaru [*****.]
Gold:   406        SH:  5    Dex: 10    Spells: 13/14 levels left

rFire   . . .      SeeInvis .     - Unarmed
rCold   + + .      Faith    .   j - +0 buckler
rNeg    + + +      Spirit   .   f - +6 scale mail "Lulodyu" {Will++}
rPois   inf        Reflect  .   (no helmet)
rElec   .          Harm     .   (no cloak)
rCorr   .          Rampage  .   c - +2 pair of gloves of Kawoi {Int+4 Dex-5 Slay+5 Stlth+}
Will    ++...                   a - +2 pair of boots
Stlth   +++.......              (no amulet)
HPRegen 0.00/turn               i - +6 ring of dexterity
MPRegen 0.16/turn               g - ring of protection from cold

@: about to teleport, heroic, inhibited regen
A: claws 1, cold resistance 1, negative energy resistance 3, inhibited
regeneration, torment resistance 2, devour on kill
a: Renounce Religion, Heroism, Finesse, Duel


You were on level 2 of the Lair of Beasts.
You worshipped Okawaru.
Okawaru was extremely pleased with you.
You visited 3 branches of the dungeon, and saw 12 of its levels.
You also visited: Sewer.

You collected 568 gold pieces.
You spent 162 gold pieces at shops.


Innate Abilities, Weirdness & Mutations

You are immune to poison.
You have sharp fingernails.
Your flesh is cold resistant. (rC+)
You are immune to negative energy. (rN+++)
You do not regenerate when monsters are visible.
You are immune to unholy pain and torment.
You thrive by killing the living.


   Skills:
 + Level 8.5(13.5) Fighting
 - Level 4.0(9.0) Throwing
 - Level 3.0(8.0) Armour
 - Level 2.0(7.0) Dodging
 - Level 2.1(7.1) Stealth
 - Level 3.0(8.0) Shields
 - Level 15.0(20.0) Unarmed Combat
 - Level 1.7 Spellcasting
 - Level 0.7 Conjurations
 - Level 2.4 Fire Magic
 - Level 10.1 Invocations


You had 13 spell levels left.
You knew the following spells:

 Your Spells              Type           Power      Damage    Failure   Level
a - Foxfire               Conj/Fire      20%        2x1d5     41%         1

Your spell library contained the following spells:

 Spells                   Type           Power      Damage    Failure   Level
 Scorch                   Fire           14%        2d6       43%         2
 Conjure Flame            Conj/Fire      5%         6-21      80%         3
 Inner Flame              Hex/Fire       4%         N/A       85%         3
 Flame Wave               Conj/Fire      5%         2d5       99%         4

Inventory:

Missiles
 b - 9 boomerangs (quivered)
Armour
 a - a +2 pair of boots (worn)
 c - the +2 pair of gloves of Kawoi (worn) {Int+4 Dex-5 Slay+5 Stlth+}
   (You found it on level 2 of the Dungeon)

   Int:       It affects your intelligence (+4).
   Dex:       It affects your dexterity (-5).
   Slay:      It affects your accuracy & damage with ranged weapons and melee
   (+5).
   Stlth:     It makes you more stealthy.
 f - the +6 scale mail "Lulodyu" (worn) {Will++}
   (You took it off an orc on level 6 of the Dungeon)

   Will:      It greatly increases your willpower.
 j - a +0 buckler (worn)
 o - a +0 plate armour
 p - the +1 crystal plate armour "Kajisch" {Stlth+}
   (Okawaru gifted it to you on level 2 of the Lair of Beasts)

   Stlth:     It makes you more stealthy.
Jewellery
 g - a ring of protection from cold (right hand)
 i - a +6 ring of dexterity (left hand)
 l - a ring of ice
Scrolls
 m - a scroll of teleportation
 n - 5 scrolls of identify
Potions
 d - 5 potions of curing
 e - a potion of might
 h - a potion of resistance
 k - 7 potions of haste
 q - a potion of mutation

Dungeon Overview and Level Annotations

Branches:
Dungeon (9/15)             Temple (1/1) D:4            Lair (2/5) D:9
  Sewer (visited)
  Swamp: Lair:2-3    Shoals: Lair:2-3     Snake: Lair:2-3    Spider: Lair:2-3
    Orc: D:9-12

Altars:
Ashenzari
Cheibriados
Dithmenos
Fedhas
Gozag
Hepliaklqana
Kikubaaqudgha
Makhleb
Nemelex Xobeh
Okawaru
Qazlal
Ru
Sif Muna
Trog
Uskayaw
Vehumet
Wu Jian
Xom
Yredelemnul

Shops:
D:5 *

Annotations:
D:2 1 runed translucent door, Crazy Yiuf
D:4 Blork the orc


Message History

The elephant is moderately wounded.
The elephant tramples you.
You hold your ground!
The elephant trunk-slaps you but does no damage.
You block the elephant's attack. The elephant closely misses you.
You punch the elephant!
The elephant is heavily wounded.
The elephant tramples you.
You hold your ground!
The elephant barely misses you.
The elephant tramples you but does no damage.
The elephant trunk-slaps you but does no damage.
The elephant tramples you but does no damage.
The elephant trunk-slaps you but does no damage.
You pummel the elephant!!
The elephant is almost dead.
You pummel the elephant!!
You kill the elephant!
Okawaru accepts your kill. The elephant tramples you!
You hold your ground!
The elephant trunk-slaps you but does no damage.
The elephant tramples you!
You hold your ground!
The elephant barely misses you.
12597 ||| READING 2 scrolls of teleportation.
As you read the scroll of teleportation, it crumbles to dust.
You feel strangely unstable. You block the elephant's attack.
The elephant barely misses you.
The elephant tramples you but does no damage.
The elephant trunk-slaps you but does no damage.
You hit the elephant.
The elephant is lightly wounded.
The elephant tramples you.
You hold your ground!
The elephant trunk-slaps you but does no damage.
You block the elephant's attack.
The elephant trunk-slaps you but does no damage.
You hit the elephant but do no damage. You pummel the elephant!!
The elephant is heavily wounded.
The elephant barely misses you. x2; The elephant tramples you!
You hold your ground!
The elephant barely misses you.
You pummel the elephant!!
The elephant is severely wounded.
The elephant tramples you.
You die...

.........................
.........................
.........................
.........................
........................:
.........................
.........................
.......%YY......)........
..######@###...#..#.#####
### ##########


You could see 2 elephants.

Vanquished Creatures
  A catoblepas (Lair:1)
  8 elephants (Lair:2)
  A torpor snail (Lair:2)
  Maggie (D:7)
  3 cane toads (Lair:1)
  3 komodo dragons (Lair:1)
  Grinder (D:4)
  5 yaks
  3 wyverns (D:9)
  A basilisk (Lair:1)
  A steam dragon (D:8)
  10 water moccasins
  2 ice beasts
  3 orc warriors
  3 sky beasts
  36 wolves
  3 centaurs
  3 phantoms
  2 kobold brigands
  6 scorpions
  9 bullfrogs
  A gnoll sergeant (D:9)
  11 killer bees
  3 howler monkeys (D:9)
  4 crimson imps (D:6)
  5 jellies
  7 hounds
  5 orc priests
  3 gnoll boudas
  9 orc wizards
  5 iguanas
  15 gnolls
  3 river rats (D:3)
  9 adders
  A white imp (D:6)
  An ufetubus (D:7)
  3 worms
  2 dart slugs
  39 orcs
  2 ball pythons
  8 endoplasms
  A giant cockroach (D:2)
  13 goblins
  8 hobgoblins
  11 jackals
  18 kobolds
  5 quokkas
  5 bats
  6 rats
308 creatures vanquished.

Vanquished Creatures (others)
  23 fungi
  17 plants
40 creatures vanquished.

Grand Total: 348 creatures vanquished

Notes
Turn   | Place    | Note
-------+----------+-------------------------------------------
     0 | D:1      | qw the Ghoul Fire Elementalist began the quest for the Orb.
     0 | D:1      | Reached XP level 1. HP: 14/14 MP: 2/2
     0 | D:1      | 0 ||| qw: Version: 0.1-a-90-g952f4b7
     0 | D:1      | 0 ||| qw: Game counter: 4064
     0 | D:1      | 0 ||| qw: Always use a shield: true
     0 | D:1      | 0 ||| qw: God list: Okawaru
     0 | D:1      | 0 ||| qw: Allow faded altars: false
     0 | D:1      | 0 ||| qw: Do Orc after D:15 true
     0 | D:1      | 0 ||| qw: Do second Lair branch before Depths: true
     0 | D:1      | 0 ||| qw: Lair rune preference: random
     0 | D:1      | 0 ||| qw: Plans: Normal
     0 | D:1      | 0 ||| PLANNING D:1-11
   129 | D:1      | 129 ||| Stepping ~*~*~tactically~*~*~ (stealth).
   138 | D:1      | 138 ||| Stepping ~*~*~tactically~*~*~ (stealth).
   139 | D:1      | 139 ||| Stepping ~*~*~tactically~*~*~ (stealth).
   174 | D:1      | Reached skill level 1 in Unarmed Combat
   420 | D:1      | Found a faded altar of an unknown god.
   465 | D:1      | Reached XP level 2. HP: 22/22 MP: 3/3
   560 | D:1      | Reached skill level 1 in Fighting
  1110 | D:1      | 1110 ||| UPGRADING to +0 leather armour.
  1120 | D:1      | 1120 ||| DROPPING +0 robe.
  1121 | D:1      | 1121 ||| UPGRADING to +0 ring mail.
  1131 | D:1      | 1131 ||| DROPPING +0 leather armour.
  1132 | D:1      | 1132 ||| READING scroll labelled FUN ZEOKHEFUY.
  1133 | D:1      | 1133 ||| READING scroll labelled KUHYHEUNUGG.
  1138 | D:1      | 1138 ||| DROPPING potion of magic.
  1253 | D:2      | Reached skill level 2 in Unarmed Combat
  1384 | D:2      | Reached XP level 3. HP: 28/28 MP: 4/4
  1577 | D:2      | Identified the +2 pair of gloves of Kawoi {Int+4 Dex-5
                  | Slay+5 Stlth+}
  1593 | D:2      | 1593 ||| Stepping ~*~*~tactically~*~*~ (stealth).
  1638 | D:2      | HP: 7/28 [orc priest/+0 club (2)]
  1641 | D:2      | Reached skill level 3 in Unarmed Combat
  1641 | D:2      | Reached XP level 4. HP: 9/35 MP: 5/5
  1641 | D:2      | 1641 ||| FLEEEEING.
  1643 | D:2      | 1643 ||| STAIRDANCE
  1872 | D:1      | 1872 ||| UPGRADING to +0 pair of boots.
  1877 | D:1      | 1877 ||| UPGRADING to +2 pair of gloves of Kawoi {Int+4
                  | Dex-5 Slay+5 Stlth+}.
  1882 | D:1      | 1882 ||| READING scroll labelled PEITIN VOLAQAR.
  1896 | D:2      | 1896 ||| Stepping ~*~*~tactically~*~*~ (stealth).
  1898 | D:2      | 1898 ||| Stepping ~*~*~tactically~*~*~ (stealth).
  1900 | D:2      | 1900 ||| Stepping ~*~*~tactically~*~*~ (stealth).
  1901 | D:2      | 1901 ||| Stepping ~*~*~tactically~*~*~ (stealth).
  1903 | D:2      | 1903 ||| Stepping ~*~*~tactically~*~*~ (stealth).
  1905 | D:2      | 1905 ||| Stepping ~*~*~tactically~*~*~ (stealth).
  1907 | D:2      | 1907 ||| Stepping ~*~*~tactically~*~*~ (stealth).
  1909 | D:2      | 1909 ||| Stepping ~*~*~tactically~*~*~ (stealth).
  1911 | D:2      | 1911 ||| Stepping ~*~*~tactically~*~*~ (hiding).
  1954 | D:2      | Reached skill level 4 in Unarmed Combat
  1997 | D:2      | 1997 ||| Stepping ~*~*~tactically~*~*~ (stealth).
  2247 | D:2      | Found a runed translucent door.
  2248 | D:2      | Noticed Crazy Yiuf
  2575 | D:2      | 2575 ||| READING scroll labelled EFOAXU FUORPH.
  2605 | D:3      | 2605 ||| PLANNING SEWER
  2693 | D:3      | Identified the +7 whip "Antest" {vorpal, *Corrode rF++ MP+9
                  | Dex+3}
  2706 | D:3      | 2706 ||| Stepping ~*~*~tactically~*~*~ (stealth).
  2707 | D:3      | 2707 ||| Stepping ~*~*~tactically~*~*~ (stealth).
  2711 | D:3      | 2711 ||| Stepping ~*~*~tactically~*~*~ (stealth).
  2713 | D:3      | 2713 ||| Stepping ~*~*~tactically~*~*~ (outnumbered).
  2714 | D:3      | 2714 ||| Stepping ~*~*~tactically~*~*~ (outnumbered).
  2715 | D:3      | 2715 ||| Stepping ~*~*~tactically~*~*~ (outnumbered).
  2718 | D:3      | Reached XP level 5. HP: 41/41 MP: 6/6
  2720 | D:3      | 2720 ||| Stepping ~*~*~tactically~*~*~ (outnumbered).
  2721 | D:3      | 2721 ||| Stepping ~*~*~tactically~*~*~ (outnumbered).
  2722 | D:3      | 2722 ||| Stepping ~*~*~tactically~*~*~ (outnumbered).
  2723 | D:3      | 2723 ||| Stepping ~*~*~tactically~*~*~ (outnumbered).
  2724 | D:3      | 2724 ||| Stepping ~*~*~tactically~*~*~ (outnumbered).
  2725 | D:3      | 2725 ||| Stepping ~*~*~tactically~*~*~ (outnumbered).
  2726 | D:3      | 2726 ||| Stepping ~*~*~tactically~*~*~ (outnumbered).
  2727 | D:3      | 2727 ||| Stepping ~*~*~tactically~*~*~ (outnumbered).
  2788 | D:3      | 2788 ||| Stepping ~*~*~tactically~*~*~ (stealth).
  2791 | D:3      | 2791 ||| Stepping ~*~*~tactically~*~*~ (stealth).
  2799 | D:3      | 2799 ||| Stepping ~*~*~tactically~*~*~ (stealth).
  2841 | D:3      | 2841 ||| Stepping ~*~*~tactically~*~*~ (stealth).
  2847 | D:3      | 2847 ||| Stepping ~*~*~tactically~*~*~ (stealth).
  2849 | D:3      | 2849 ||| Stepping ~*~*~tactically~*~*~ (stealth).
  2851 | D:3      | 2851 ||| Stepping ~*~*~tactically~*~*~ (stealth).
  2853 | D:3      | 2853 ||| Stepping ~*~*~tactically~*~*~ (stealth).
  2858 | D:3      | Reached skill level 5 in Unarmed Combat
  2864 | D:3      | 2864 ||| Stepping ~*~*~tactically~*~*~ (stealth).
  3108 | D:3      | Found a glowing drain.
  3109 | D:3      | 3109 ||| UPGRADING to +0 chain mail.
  3119 | D:3      | 3119 ||| DROPPING +0 ring mail.
  3120 | D:3      | 3120 ||| DROPPING ring of flight.
  3121 | D:3      | 3121 ||| READING scroll labelled HOFONEOWIA.
  3122 | D:3      | 3122 ||| DRINKING 3 silvery potions.
  3123 | D:3      | 3123 ||| DRINKING 2 golden potions.
  3124 | D:3      | 3124 ||| DRINKING 2 lumpy dark potions.
  3125 | D:3      | 3125 ||| DRINKING 2 murky coppery potions.
  3126 | D:3      | 3126 ||| DRINKING 2 lumpy white potions.
  3127 | D:3      | 3127 ||| READING 4 scrolls of identify.
  3127 | D:3      | 3127 ||| IDENTIFYING sapphire potion
  3128 | D:3      | 3128 ||| READING 3 scrolls of identify.
  3128 | D:3      | 3128 ||| IDENTIFYING murky brown potion
  3129 | D:3      | 3129 ||| READING 2 scrolls of identify.
  3129 | D:3      | 3129 ||| IDENTIFYING clear potion
  3130 | D:3      | 3130 ||| DROPPING 2 potions of flight.
  3131 | D:3      | 3131 ||| DROPPING potion of lignification.
  3132 | D:3      | 3132 ||| DROPPING potion of degeneration.
  3133 | D:3      | 3133 ||| DROPPING potion of invisibility.
  3134 | D:3      | 3134 ||| DROPPING potion of brilliance.
  3139 | Sewer    | Entered a sewer
  3147 | Sewer    | 3147 ||| Stepping ~*~*~tactically~*~*~ (stealth).
  3216 | Sewer    | Noticed a water moccasin
  3230 | Sewer    | Killed a water moccasin
  3231 | Sewer    | Reached XP level 6. HP: 34/48 MP: 7/7
  3346 | Sewer    | 3346 ||| READING scroll labelled CAJARIS ZUMOI.
  3347 | Sewer    | 3347 ||| DRINKING 2 purple potions.
  3365 | D:3      | 3365 ||| PLANNING D:1-11
  3423 | D:4      | Found a snail-covered altar of Cheibriados.
  3498 | D:4      | Reached skill level 6 in Unarmed Combat
  3536 | D:4      | Noticed Grinder
  3537 | D:4      | 3537 ||| Stepping ~*~*~tactically~*~*~ (stealth).
  3543 | D:4      | Reached XP level 7. HP: 56/56 MP: 8/8
  3553 | D:4      | Paralysed by Grinder for 3 turns
  3557 | D:4      | Killed Grinder
  3629 | D:4      | Found a staircase to the Ecumenical Temple.
  3630 | D:4      | 3630 ||| PLANNING TEMPLE
  3635 | Temple   | Entered the Ecumenical Temple
  3635 | Temple   | Found a transporter.
  3635 | Temple   | Found a transporter.
  3637 | Temple   | Found a transporter.
  3637 | Temple   | Found a transporter.
  3647 | Temple   | 3647 ||| PLANNING D:1-11
  3728 | D:4      | 3728 ||| Stepping ~*~*~tactically~*~*~ (hiding).
  3729 | D:4      | 3729 ||| Stepping ~*~*~tactically~*~*~ (hiding).
  3739 | D:4      | 3739 ||| Stepping ~*~*~tactically~*~*~ (hiding).
  3759 | D:4      | Reached skill level 7 in Unarmed Combat
  4226 | D:4      | Noticed Blork the orc
  4232 | D:4      | Found a shimmering blue altar of Sif Muna.
  4233 | D:4      | 4233 ||| FLEEEEING.
  4234 | D:4      | 4234 ||| FLEEEEING.
  4235 | D:4      | 4235 ||| FLEEEEING.
  4236 | D:4      | 4236 ||| FLEEEEING.
  4237 | D:4      | 4237 ||| FLEEEEING.
  4238 | D:4      | 4238 ||| FLEEEEING.
  4239 | D:4      | 4239 ||| FLEEEEING.
  4240 | D:4      | 4240 ||| FLEEEEING.
  4241 | D:4      | 4241 ||| FLEEEEING.
  4290 | D:4      | 4290 ||| Stepping randomly (cloudy).
  4312 | D:4      | 4312 ||| FLEEEEING.
  4313 | D:4      | 4313 ||| FLEEEEING.
  4752 | D:4      | 4752 ||| Stepping ~*~*~tactically~*~*~ (outnumbered).
  4758 | D:4      | Reached XP level 8. HP: 67/67 MP: 9/9
  4760 | D:4      | Found an iron altar of Okawaru.
  4768 | D:4      | 4768 ||| FLEEEEING.
  4769 | D:4      | 4769 ||| FLEEEEING.
  4770 | D:4      | 4770 ||| FLEEEEING.
  4771 | D:4      | 4771 ||| FLEEEEING.
  4772 | D:4      | 4772 ||| FLEEEEING.
  4773 | D:4      | 4773 ||| FLEEEEING.
  4774 | D:4      | 4774 ||| FLEEEEING.
  4775 | D:4      | 4775 ||| FLEEEEING.
  4776 | D:4      | 4776 ||| FLEEEEING.
  4825 | D:4      | Became a worshipper of Warmaster Okawaru
  4826 | D:4      | 4826 ||| READING scroll of teleportation.
  4827 | D:4      | 4827 ||| FLEEEEING.
  4828 | D:4      | 4828 ||| FLEEEEING.
  4903 | D:4      | 4903 ||| Stepping randomly (stuck).
  4927 | D:5      | Entered Level 5 of the Dungeon
  4932 | D:5      | 4932 ||| Stepping ~*~*~tactically~*~*~ (stealth).
  4937 | D:5      | 4937 ||| Stepping ~*~*~tactically~*~*~ (stealth).
  5015 | D:5      | Reached skill level 8 in Unarmed Combat
  5026 | D:5      | HP: 13/67 [killer bee (7)]
  5027 | D:5      | HP: 2/67 [killer bee (7)]
  5035 | D:5      | HP: 5/67 [killer bee (4)]
  5272 | D:5      | 5272 ||| FLEEEEING.
  5273 | D:5      | 5273 ||| FLEEEEING.
  5282 | D:5      | Found Ashoyg's General Store.
  5354 | D:5      | 5354 ||| BUYING potion of curing (39 gold).
  5354 | D:5      | Bought a potion of curing for 39 gold pieces
  5354 | D:5      | 5354 ||| BUYING scroll of enchant armour (97 gold).
  5354 | D:5      | Bought a scroll of enchant armour for 97 gold pieces
  5354 | D:5      | 5354 ||| BUYING scroll of identify (26 gold).
  5354 | D:5      | Bought a scroll of identify for 26 gold pieces
  5354 | D:5      | 5354 ||| READING scroll of enchant armour.
  5354 | D:5      | 5354 ||| ENCHANTING +0 pair of boots.
  5382 | D:5      | 5382 ||| Stepping ~*~*~tactically~*~*~ (stealth).
  5474 | D:5      | 5474 ||| STAIRDANCE
  5530 | D:4      | 5530 ||| READING 3 scrolls of identify.
  5530 | D:4      | 5530 ||| IDENTIFYING metallic orange potion
  5531 | D:4      | 5531 ||| DROPPING potion of ambrosia.
  5534 | D:5      | 5534 ||| STAIRDANCE
  5541 | D:5      | 5541 ||| STAIRDANCE
  5550 | D:4      | Reached skill level 9 in Unarmed Combat
  5550 | D:4      | Reached * piety under Okawaru
  5645 | D:5      | 5645 ||| INVOKING Heroism.
  5651 | D:5      | Reached skill level 1 in Invocations
  5651 | D:5      | 5651 ||| Stepping ~*~*~tactically~*~*~ (outnumbered).
  5652 | D:5      | 5652 ||| Stepping ~*~*~tactically~*~*~ (outnumbered).
  5653 | D:5      | 5653 ||| Stepping ~*~*~tactically~*~*~ (outnumbered).
  5717 | D:5      | 5717 ||| Stepping ~*~*~tactically~*~*~ (stealth).
  5718 | D:5      | 5718 ||| Stepping ~*~*~tactically~*~*~ (stealth).
  5722 | D:5      | 5722 ||| Stepping ~*~*~tactically~*~*~ (stealth).
  5723 | D:5      | 5723 ||| Stepping ~*~*~tactically~*~*~ (stealth).
  5727 | D:5      | 5727 ||| INVOKING Heroism.
  5728 | D:5      | 5728 ||| Stepping ~*~*~tactically~*~*~ (outnumbered).
  5782 | D:5      | 5782 ||| Stepping ~*~*~tactically~*~*~ (hiding).
  5784 | D:5      | 5784 ||| Stepping ~*~*~tactically~*~*~ (hiding).
  5959 | D:5      | You fall into a shaft and drop 1 floor!
  5966 | D:6      | 5966 ||| Stepping ~*~*~tactically~*~*~ (stealth).
  5969 | D:6      | 5969 ||| INVOKING Heroism.
  5970 | D:6      | 5970 ||| INVOKING Heroism.
  5972 | D:6      | 5972 ||| Stepping ~*~*~tactically~*~*~ (hiding).
  5974 | D:6      | 5974 ||| Stepping ~*~*~tactically~*~*~ (hiding).
  6032 | D:6      | Found a hide-covered altar of Uskayaw.
  6137 | D:6      | Found a blossoming altar of Fedhas.
  6141 | D:6      | Found a stormy altar of Qazlal.
  6163 | D:6      | 6163 ||| DROPPING amulet of guardian spirit.
  6164 | D:6      | 6164 ||| READING scroll labelled FAEPEI AT FAYM.
  6165 | D:6      | 6165 ||| READING scroll labelled DYEMMIF XIS.
  6266 | D:6      | 6266 ||| READING 3 scrolls of identify.
  6266 | D:6      | 6266 ||| IDENTIFYING white potion
  6310 | D:5      | 6310 ||| INVOKING Heroism.
  6323 | D:5      | Reached skill level 3 in Invocations
  6324 | D:5      | 6324 ||| INVOKING Heroism.
  6335 | D:5      | Reached XP level 9. HP: 74/74 MP: 7/10
  6484 | D:5      | Reached skill level 10 in Unarmed Combat
  6498 | D:5      | 6498 ||| INVOKING Heroism.
  6991 | D:4      | 6991 ||| Stepping randomly (stuck).
  7053 | D:4      | 7053 ||| Stepping randomly (stuck).
  7089 | D:6      | Reached skill level 3 in Armour
  7146 | D:6      | 7146 ||| Stepping ~*~*~tactically~*~*~ (stealth).
  7151 | D:6      | 7151 ||| INVOKING Heroism.
  7153 | D:6      | 7153 ||| Stepping ~*~*~tactically~*~*~ (stealth).
  7163 | D:6      | Reached ** piety under Okawaru
  7175 | D:6      | 7175 ||| Stepping ~*~*~tactically~*~*~ (stealth).
  7182 | D:6      | Identified the +6 scale mail "Lulodyu" {Will++}
  7183 | D:6      | 7183 ||| Stepping ~*~*~tactically~*~*~ (hiding).
  7184 | D:6      | 7184 ||| Stepping ~*~*~tactically~*~*~ (hiding).
  7185 | D:6      | 7185 ||| INVOKING Heroism.
  7203 | D:6      | Reached skill level 1 in Throwing
  7207 | D:6      | 7207 ||| INVOKING Heroism.
  7211 | D:6      | 7211 ||| DRINKING 4 potions of curing.
  7211 | D:6      | 7211 ||| (to cure confusion)
  7219 | D:6      | Reached skill level 6 in Fighting
  7245 | D:6      | Found an opulent altar of Gozag.
  7281 | D:6      | 7281 ||| INVOKING Heroism.
  7463 | D:6      | Found a shimmering altar of Xom.
  7503 | D:6      | 7503 ||| Stepping ~*~*~tactically~*~*~ (stealth).
  7510 | D:6      | 7510 ||| Stepping ~*~*~tactically~*~*~ (hiding).
  7648 | D:6      | 7648 ||| Stepping ~*~*~tactically~*~*~ (hiding).
  7649 | D:6      | 7649 ||| INVOKING Heroism.
  7695 | D:6      | Identified the +2 leather armour "Cauvvogg" {Harm Regen+}
  7859 | D:6      | Reached skill level 11 in Unarmed Combat
  7932 | D:6      | 7932 ||| UPGRADING to +6 scale mail "Lulodyu" {Will++}.
  7942 | D:6      | 7942 ||| DROPPING +0 chain mail.
  7997 | D:7      | 7997 ||| Stepping ~*~*~tactically~*~*~ (stealth).
  8001 | D:7      | 8001 ||| Stepping ~*~*~tactically~*~*~ (stealth).
  8003 | D:7      | Found a flagged portal.
  8341 | D:7      | 8341 ||| Stepping ~*~*~tactically~*~*~ (stealth).
  8344 | D:7      | 8344 ||| Stepping ~*~*~tactically~*~*~ (stealth).
  8346 | D:7      | 8346 ||| Stepping ~*~*~tactically~*~*~ (stealth).
  8347 | D:7      | 8347 ||| Stepping ~*~*~tactically~*~*~ (stealth).
  8348 | D:7      | 8348 ||| Stepping ~*~*~tactically~*~*~ (stealth).
  8352 | D:7      | 8352 ||| Stepping ~*~*~tactically~*~*~ (stealth).
  8360 | D:7      | 8360 ||| Stepping ~*~*~tactically~*~*~ (outnumbered).
  8361 | D:7      | 8361 ||| Stepping ~*~*~tactically~*~*~ (outnumbered).
  8363 | D:7      | Reached *** piety under Okawaru
  8371 | D:7      | Reached skill level 12 in Unarmed Combat
  8371 | D:7      | Reached XP level 10. HP: 68/83 MP: 12/12
  8398 | D:7      | 8398 ||| FLEEEEING.
  8399 | D:7      | 8399 ||| FLEEEEING.
  8400 | D:7      | 8400 ||| FLEEEEING.
  8401 | D:7      | 8401 ||| FLEEEEING.
  8402 | D:7      | 8402 ||| FLEEEEING.
  8403 | D:7      | 8403 ||| FLEEEEING.
  8404 | D:7      | 8404 ||| Stepping ~*~*~tactically~*~*~ (hiding).
  8405 | D:7      | 8405 ||| Stepping ~*~*~tactically~*~*~ (hiding).
  8411 | D:7      | 8411 ||| INVOKING Heroism.
  8445 | D:7      | 8445 ||| READING scroll of enchant armour.
  8445 | D:7      | 8445 ||| ENCHANTING +1 pair of boots.
  8668 | D:7      | 8668 ||| INVOKING Heroism.
  8669 | D:7      | Noticed Maggie
  8682 | D:7      | Killed Maggie
  8920 | D:7      | Found a bloodstained altar of Trog.
  8927 | D:7      | Found a faded altar of an unknown god.
  8929 | D:7      | Found a broken altar of Ashenzari.
  8931 | D:7      | Found a burning altar of Makhleb.
  9136 | D:7      | 9136 ||| READING scroll labelled ZAAVVA TULAI.
  9137 | D:7      | 9137 ||| READING scroll labelled GIODWI UTZAVO.
  9138 | D:7      | 9138 ||| READING 5 scrolls of identify.
  9138 | D:7      | 9138 ||| IDENTIFYING dark potion
  9139 | D:7      | 9139 ||| DROPPING potion of attraction.
  9180 | D:8      | 9180 ||| Stepping ~*~*~tactically~*~*~ (stealth).
  9205 | D:8      | Found a shadowy altar of Dithmenos.
  9217 | D:8      | 9217 ||| Stepping ~*~*~tactically~*~*~ (hiding).
  9219 | D:8      | 9219 ||| INVOKING Heroism.
  9223 | D:8      | 9223 ||| Stepping ~*~*~tactically~*~*~ (cloud).
  9262 | D:8      | 9262 ||| Stepping ~*~*~tactically~*~*~ (stealth).
  9272 | D:8      | Reached skill level 13 in Unarmed Combat
  9331 | D:8      | 9331 ||| Stepping ~*~*~tactically~*~*~ (hiding).
  9332 | D:8      | Found an ornate altar of the Wu Jian Council.
  9334 | D:8      | 9334 ||| Stepping ~*~*~tactically~*~*~ (outnumbered).
  9335 | D:8      | 9335 ||| Stepping ~*~*~tactically~*~*~ (outnumbered).
  9519 | D:8      | 9519 ||| Stepping ~*~*~tactically~*~*~ (hiding).
  9520 | D:8      | 9520 ||| Stepping ~*~*~tactically~*~*~ (hiding).
  9772 | D:8      | Reached **** piety under Okawaru
  9859 | D:8      | 9859 ||| Stepping ~*~*~tactically~*~*~ (stealth).
  9888 | D:8      | 9888 ||| UPGRADING to +6 ring of dexterity.
  9889 | D:8      | 9889 ||| READING 2 scrolls labelled IPITZI WIDWOAH.
  9890 | D:8      | 9890 ||| READING scroll labelled OKKIQIOX UGGAVENA.
  9891 | D:8      | 9891 ||| DROPPING scroll of noise.
  9924 | D:9      | 9924 ||| Stepping ~*~*~tactically~*~*~ (stealth).
  9929 | D:9      | 9929 ||| Stepping ~*~*~tactically~*~*~ (stealth).
  9931 | D:9      | 9931 ||| Stepping ~*~*~tactically~*~*~ (hiding).
 10057 | D:9      | 10057 ||| Stepping ~*~*~tactically~*~*~ (stealth).
 10060 | D:9      | 10060 ||| Stepping ~*~*~tactically~*~*~ (stealth).
 10144 | D:9      | 10144 ||| Stepping ~*~*~tactically~*~*~ (stealth).
 10145 | D:9      | 10145 ||| Stepping ~*~*~tactically~*~*~ (stealth).
 10175 | D:9      | 10175 ||| Stepping ~*~*~tactically~*~*~ (stealth).
 10176 | D:9      | 10176 ||| FLEEEEING.
 10177 | D:9      | 10177 ||| FLEEEEING.
 10247 | D:9      | 10247 ||| Stepping ~*~*~tactically~*~*~ (stealth).
 10248 | D:9      | 10248 ||| Stepping ~*~*~tactically~*~*~ (stealth).
 10250 | D:9      | 10250 ||| Stepping ~*~*~tactically~*~*~ (stealth).
 10252 | D:9      | 10252 ||| Stepping ~*~*~tactically~*~*~ (hiding).
 10265 | D:9      | 10265 ||| Stepping ~*~*~tactically~*~*~ (stealth).
 10292 | D:9      | 10292 ||| Stepping ~*~*~tactically~*~*~ (hiding).
 10303 | D:9      | 10303 ||| INVOKING Heroism.
 10305 | D:9      | 10305 ||| Stepping ~*~*~tactically~*~*~ (outnumbered).
 10317 | D:9      | 10317 ||| Stepping ~*~*~tactically~*~*~ (stealth).
 10319 | D:9      | 10319 ||| Stepping ~*~*~tactically~*~*~ (stealth).
 10320 | D:9      | 10320 ||| Stepping ~*~*~tactically~*~*~ (stealth).
 10322 | D:9      | 10322 ||| Stepping ~*~*~tactically~*~*~ (stealth).
 10335 | D:9      | 10335 ||| Stepping ~*~*~tactically~*~*~ (stealth).
 10336 | D:9      | 10336 ||| Stepping ~*~*~tactically~*~*~ (stealth).
 10337 | D:9      | 10337 ||| Stepping ~*~*~tactically~*~*~ (stealth).
 10343 | D:9      | 10343 ||| INVOKING Heroism.
 10346 | D:9      | 10346 ||| Stepping ~*~*~tactically~*~*~ (hiding).
 10351 | D:9      | 10351 ||| Stepping ~*~*~tactically~*~*~ (hiding).
 10370 | D:9      | 10370 ||| Stepping ~*~*~tactically~*~*~ (stealth).
 10372 | D:9      | 10372 ||| Stepping ~*~*~tactically~*~*~ (stealth).
 10417 | D:9      | Found a staircase to the Lair.
 10418 | D:9      | 10418 ||| Stepping ~*~*~tactically~*~*~ (stealth).
 10419 | D:9      | 10419 ||| Stepping ~*~*~tactically~*~*~ (stealth).
 10420 | D:9      | 10420 ||| Stepping ~*~*~tactically~*~*~ (stealth).
 10421 | D:9      | 10421 ||| Stepping ~*~*~tactically~*~*~ (stealth).
 10596 | D:9      | 10596 ||| Stepping ~*~*~tactically~*~*~ (stealth).
 10598 | D:9      | 10598 ||| Stepping ~*~*~tactically~*~*~ (hiding).
 10604 | D:9      | Reached skill level 6 in Invocations
 10754 | D:9      | 10754 ||| Stepping ~*~*~tactically~*~*~ (stealth).
 10756 | D:9      | 10756 ||| Stepping ~*~*~tactically~*~*~ (hiding).
 10758 | D:9      | 10758 ||| Stepping ~*~*~tactically~*~*~ (hiding).
 10759 | D:9      | 10759 ||| Stepping ~*~*~tactically~*~*~ (hiding).
 10945 | D:9      | 10945 ||| PLANNING LAIR
 10945 | D:9      | 10945 ||| UPGRADING to +0 buckler.
 10950 | D:9      | 10950 ||| UPGRADING to ring of protection from cold.
 11003 | D:9      | 11003 ||| INVOKING Heroism.
 11096 | Lair:1   | Entered Level 1 of the Lair of Beasts
 11097 | Lair:1   | 11097 ||| INVOKING Heroism.
 11104 | Lair:1   | Reached skill level 1 in Shields
 11109 | Lair:1   | Reached ***** piety under Okawaru
 11148 | Lair:1   | Noticed a cane toad
 11149 | Lair:1   | 11149 ||| Stepping ~*~*~tactically~*~*~ (stealth).
 11151 | Lair:1   | 11151 ||| INVOKING Heroism.
 11155 | Lair:1   | Killed a cane toad
 11156 | Lair:1   | Reached XP level 11. HP: 94/94 MP: 11/15
 11171 | Lair:1   | Reached skill level 3 in Shields
 11204 | Lair:1   | Noticed a catoblepas
 11206 | Lair:1   | 11206 ||| Stepping ~*~*~tactically~*~*~ (hiding).
 11208 | Lair:1   | 11208 ||| INVOKING Heroism.
 11209 | Lair:1   | 11209 ||| INVOKING Finesse.
 11210 | Lair:1   | 11210 ||| Stepping ~*~*~tactically~*~*~ (cloud).
 11218 | Lair:1   | Killed a catoblepas
 11220 | Lair:1   | 11220 ||| Stepping ~*~*~tactically~*~*~ (cloud).
 11308 | Lair:1   | 11308 ||| INVOKING Heroism.
 11335 | Lair:1   | 11335 ||| Stepping ~*~*~tactically~*~*~ (hiding).
 11404 | Lair:1   | 11404 ||| INVOKING Heroism.
 11410 | Lair:1   | 11410 ||| Stepping ~*~*~tactically~*~*~ (outnumbered).
 11411 | Lair:1   | 11411 ||| Stepping ~*~*~tactically~*~*~ (outnumbered).
 11412 | Lair:1   | 11412 ||| Stepping ~*~*~tactically~*~*~ (outnumbered).
 11425 | Lair:1   | Received a gift from Okawaru
 11464 | Lair:1   | Reached skill level 14 in Unarmed Combat
 11466 | Lair:1   | 11466 ||| Stepping ~*~*~tactically~*~*~ (stealth).
 11468 | Lair:1   | 11468 ||| Stepping ~*~*~tactically~*~*~ (stealth).
 11471 | Lair:1   | 11471 ||| Stepping ~*~*~tactically~*~*~ (stealth).
 11473 | Lair:1   | 11473 ||| Stepping ~*~*~tactically~*~*~ (stealth).
 11483 | Lair:1   | 11483 ||| INVOKING Heroism.
 11485 | Lair:1   | Received a gift from Okawaru
 11498 | Lair:1   | Reached skill level 9 in Invocations
 11512 | Lair:1   | 11512 ||| INVOKING Heroism.
 11582 | Lair:1   | 11582 ||| Stepping ~*~*~tactically~*~*~ (stealth).
 11736 | Lair:1   | 11736 ||| INVOKING Heroism.
 12118 | Lair:2   | 12118 ||| INVOKING Heroism.
 12120 | Lair:2   | 12120 ||| STAIRDANCE
 12253 | Lair:2   | 12253 ||| Stepping ~*~*~tactically~*~*~ (stealth).
 12255 | Lair:2   | 12255 ||| Stepping ~*~*~tactically~*~*~ (stealth).
 12257 | Lair:2   | 12257 ||| Stepping ~*~*~tactically~*~*~ (stealth).
 12261 | Lair:2   | 12261 ||| Stepping ~*~*~tactically~*~*~ (stealth).
 12266 | Lair:2   | 12266 ||| Stepping ~*~*~tactically~*~*~ (stealth).
 12274 | Lair:2   | 12274 ||| Stepping ~*~*~tactically~*~*~ (stealth).
 12276 | Lair:2   | 12276 ||| Stepping ~*~*~tactically~*~*~ (outnumbered).
 12279 | Lair:2   | 12279 ||| Stepping ~*~*~tactically~*~*~ (outnumbered).
 12280 | Lair:2   | 12280 ||| INVOKING Heroism.
 12287 | Lair:2   | Reached skill level 3 in Throwing
 12292 | Lair:2   | Identified the +1 crystal plate armour "Kajisch" {Stlth+}
                  | (Okawaru gifted it to you on level 2 of the Lair of Beasts)
 12292 | Lair:2   | Received a gift from Okawaru
 12293 | Lair:2   | Reached XP level 12. HP: 88/101 MP: 18/18
 12377 | Lair:2   | 12377 ||| FLEEEEING.
 12378 | Lair:2   | 12378 ||| FLEEEEING.
 12379 | Lair:2   | 12379 ||| FLEEEEING.
 12380 | Lair:2   | 12380 ||| FLEEEEING.
 12381 | Lair:2   | 12381 ||| FLEEEEING.
 12390 | Lair:2   | 12390 ||| INVOKING Heroism.
 12563 | Lair:2   | 12563 ||| INVOKING Heroism.
 12574 | Lair:2   | Reached skill level 15 in Unarmed Combat
 12576 | Lair:2   | 12576 ||| Stepping ~*~*~tactically~*~*~ (outnumbered).
 12577 | Lair:2   | 12577 ||| Stepping ~*~*~tactically~*~*~ (outnumbered).
 12578 | Lair:2   | 12578 ||| Stepping ~*~*~tactically~*~*~ (outnumbered).
 12579 | Lair:2   | 12579 ||| Stepping ~*~*~tactically~*~*~ (outnumbered).
 12580 | Lair:2   | 12580 ||| Stepping ~*~*~tactically~*~*~ (outnumbered).
 12581 | Lair:2   | 12581 ||| Stepping ~*~*~tactically~*~*~ (outnumbered).
 12582 | Lair:2   | 12582 ||| Stepping ~*~*~tactically~*~*~ (outnumbered).
 12583 | Lair:2   | 12583 ||| Stepping ~*~*~tactically~*~*~ (outnumbered).
 12584 | Lair:2   | 12584 ||| Stepping ~*~*~tactically~*~*~ (outnumbered).
 12585 | Lair:2   | 12585 ||| Stepping ~*~*~tactically~*~*~ (outnumbered).
 12596 | Lair:2   | HP: 24/102 [elephant (10)]
 12596 | Lair:2   | HP: 11/102 [elephant (13)]
 12597 | Lair:2   | 12597 ||| READING 2 scrolls of teleportation.
 12600 | Lair:2   | HP: 1/103 [elephant (9)]
 12601 | Lair:2   | Slain by an elephant

Levels and vault maps discovered:
D:1:      elethiomel_arrival_quiet, layout_basic, basic_ecumenical_altar
D:2:      layout_basic, minmay_unequal, uniq_crazy_yiuf_cottage
D:3:      layout_rooms, lightli_sewer_entry_pipes
D:4:      layout_basic, pf_just_have_faith, nicolae_overflow_hidden_temple,
          tgw_sif, kennysheep_okawaru_gauntlet, minmay_temple_entry_wispy,
          minmay_stone_trees_large, uniq_grinder
D:5:      layout_loops_corners, serial_shops, shop
D:6:      layout_basic, grunt_temple_overflow_forces_of_nature,
          kennysheep_little_box, mainiacjoe_overflow_small_starburst,
          led_xom_imps, nicolae_titane
D:7:      layout_basic, chequers_temple_overflow_minitemple, enter_bailey_5,
          lemuel_another_geyser, uniq_maggie
D:8:      layout_loops_ring, grunt_dithmenos_smoke,
          nicolae_wu_jian_wuxing_cycle, bh_walls_and_bars
D:9:      layout_basic, grunt_lair_entry_orc_guard_hut, minmay_misc_feat_alley
Temple:   hellmonk_temple_divided_pantheon
Lair:1:   layout_roguey, grunt_forest_large_clearings
Lair:2:   mu_elephants_graveyard, layout_regular_city, elwin_shoals_entry_rooms,
          spider_nest_entry_webs, uniq_erica

Skill      XL: |  1  2  3  4  5  6  7  8  9 10 11 12 |
---------------+-------------------------------------+-----
Unarmed Combat | 1 2 3 4 5 6 7 9 12 13 14 15 | 15.0
Fighting       | 1 2 4 5 6 8 |  8.5
Armour         | 2 3 |  3.0
Invocations    | 3 4 6 10 | 10.1
Throwing       | 1 3 4 |  4.0
Dodging        | 2 |  2.0
Shields        | 2 3 |  3.0
Stealth        | |  2.1
Spellcasting   | |  1.7
Conjurations   | |  0.7
Fire Magic     | |  2.4

Action                   |  1- 3 |  4- 6 |  7- 9 | 10-12 || total
-------------------------+-------+-------+-------+-------++-------
Melee: Unarmed           |   105 |   117 |   337 |   349 ||   908
       Punch             |     1 |     7 |    20 |    14 ||    42
Throw: Boomerang         |       |    53 |    23 |    59 ||   135
       Javelin           |       |       |       |    12 ||    12
Invok: Heroism           |       |       |    11 |    18 ||    29
       Finesse           |       |       |       |     1 ||     1
  Use: Scroll            |     2 |     7 |     6 |     7 ||    22
       Potion            |       |     6 |     1 |       ||     7
Armor: Robe              |     6 |       |       |       ||     6
       Ring mail         |    16 |    32 |       |       ||    48
       Chain mail        |       |    11 |   223 |       ||   234
       Scale mail        |       |       |    18 |   172 ||   190
Dodge: Dodged            |    50 |    53 |   105 |   146 ||   354
Block: Buckler           |       |       |       |    50 ||    50

Table legend:
 A = Non-vault XP
 B = Vault XP
 C = Vault XP percentage of total XP
 D = Non-vault monster count
 E = Vault monster count
 F = Vault count percentage of total count
                 A         B        C        D         E       F
            +---------+---------+-------+---------+---------+-------
      Total |   13426 |    8669 |  39.2 |     244 |      64 |  20.8
            +---------+---------+-------+---------+---------+-------
        D:1 |      22 |       0 |   0.0 |      13 |       0 |   0.0
        D:2 |     114 |       6 |   5.0 |      26 |       3 |  10.3
        D:3 |     108 |      79 |  42.2 |      26 |       9 |  25.7
        D:4 |     539 |     262 |  32.7 |      26 |       1 |   3.7
        D:5 |    1254 |       0 |   0.0 |      32 |       0 |   0.0
        D:6 |    1229 |     196 |  13.8 |      33 |       4 |  10.8
        D:7 |    1581 |     411 |  20.6 |      23 |       5 |  17.9
        D:8 |     843 |       0 |   0.0 |      14 |       0 |   0.0
        D:9 |    1449 |     501 |  25.7 |      22 |       5 |  18.5
     Lair:1 |    4957 |    3179 |  39.1 |      22 |      27 |  55.1
     Lair:2 |    1330 |    3888 |  74.5 |       7 |       8 |  53.3
      Sewer |       0 |     147 | 100.0 |       0 |       2 | 100.0
            +---------+---------+-------+---------+---------+-------
